 Dungeon Crawl Stone Soup version 0.26.1-11-gd32895ea62 (webtiles) character file.

Game seed: 7943558140892124563

179 Descartes the Magician (level 5, -5/28 HPs)
             Began as a Deep Elf Hedge Wizard on Apr 30, 2021.
             Slain by an ogre
             ... wielding a +0 giant club
              (20 damage)
             ... on level 4 of the Dungeon.
             The game lasted 00:07:54 (4728 turns).

Descartes the Magician (Deep Elf Hedge Wizard)      Turns: 4728, Time: 00:07:55

Health: -5/28      AC:  4    Str:  7    XL:     5   Next: 33%
Magic:  2/14       EV: 13    Int: 20    God:
Gold:   186        SH:  0    Dex: 14    Spells: 5/14 levels left

rFire    . . .     SeeInvis .   a - +0 dagger
rCold    . . .     Faith    .   (no shield)
rNeg     . . .     Spirit   .   b - +0 robe
rPois    .         Reflect  .   r - +0 helmet
rElec    .         Harm     .   n - +0 cloak
rCorr    .         Rampage  .   (no gloves)
Will     +....                  (no boots)
Stlth    ++........             k - amulet of the acrobat
HPRegen  0.09/turn              h - ring of willpower
MPRegen  0.14/turn              (no ring)

@: no status effects
A: no striking features
a: no special abilities


You were on level 4 of the Dungeon.
You visited 1 branch of the dungeon, and saw 4 of its levels.

You collected 186 gold pieces.

Inventory:

Hand Weapons
 a - a +0 dagger (weapon)
Missiles
 g - 133 stones
 i - 12 bolts
 j - 8 boomerangs
 m - 58 arrows
 o - 11 sling bullets
Armour
 b - a +0 robe (worn)
 n - a +0 cloak (worn)
 r - a +0 helmet (worn)
Jewellery
 h - a ring of willpower (left hand)
 k - an amulet of the acrobat (around neck)
 u - an uncursed ring of positive energy {unknown}
Scrolls
 d - a scroll of enchant weapon {unknown}
 e - 8 scrolls of remove curse {unknown}
 l - 2 scrolls of teleportation {unknown}
 p - 2 scrolls of identify {unknown}
 q - a scroll of noise {unknown}
 t - a scroll of enchant armour {unknown}
 x - a scroll of fog {unknown}
 y - a scroll of fear {unknown}
 A - a scroll of random uselessness {unknown}
Potions
 c - a potion of ambrosia {unknown}
 f - a potion of berserk rage {unknown}
 s - 2 potions of curing {unknown}
 v - a potion of magic {unknown}
 w - a potion of invisibility {unknown}
 z - a potion of brilliance {unknown}


   Skills:
 - Level 2.4 Dodging
 - Level 2.4 Stealth
 - Level 5.0 Spellcasting
 - Level 5.0 Conjurations
 - Level 1.1 Summonings
 + Level 2.4 Translocations


You had 5 spell levels left.
You knew the following spells:

 Your Spells              Type           Power        Failure   Level
a - Magic Dart            Conj           100%         1%          1
b - Blink                 Tloc           N/A          6%          2
c - Dazzling Flash        Conj/Hex       30%          12%         3
d - Mephitic Cloud        Conj/Pois/Air  11%          19%         3

Your spell library contained the following spells:

 Spells                   Type           Power        Failure   Level
 Call Imp                 Summ           9%           11%         2
 Corona                   Hex            5%           12%         1
 Conjure Flame            Conj/Fire      15%          12%         3
 Ensorcelled Hibernation  Hex/Ice        10%          17%         2
 Slow                     Hex            5%           17%         2
 Confusing Touch          Hex            5%           34%         3
 Tukima's Dance           Hex            5%           34%         3


Dungeon Overview and Level Annotations

Branches:
Dungeon (4/15)
 Temple: D:4-7

Altars:
Elyvilon
Qazlal

Annotations:
D:2 1 runed translucent door, Crazy Yiuf, Terence


Message History

The magic dart hits the orc.
You kill the orc!
The ogre closely misses you.
Casting: Magic Dart (safe; 1% risk of failure)
Confirm with . or Enter, or press ? or * to list all spells.
Aiming: Magic Dart (safe; 1% risk of failure)
Press: ? - help, Shift-Dir - straight line, f - ogre
Aim: an ogre, wielding a +0 giant club (0% to evade)
The magic dart hits the ogre.
The ogre is lightly wounded.
Casting: Magic Dart (safe; 1% risk of failure)
Confirm with . or Enter, or press ? or * to list all spells.
Aiming: Magic Dart (safe; 1% risk of failure)
Press: ? - help, Shift-Dir - straight line, f/p - ogre
Aim: an ogre, wielding a +0 giant club (lightly wounded, 0% to evade)
The magic dart hits the ogre.
The ogre is lightly wounded.
The ogre hits you with a +0 giant club!!
Ouch! That really hurt!
You die...

.#. ........... #.##
..... ##...#.....> ....
#..###....##..... .....
#.....#..##...... .....
#...##..###..... ..)...
##........#......
#.)...##...#............
#....O..#.#...#...##...
#!@.#....###..##.##
#.)........#......#
#...##........#......
#.#...............##.
...###........##....##
... #........####.##.
### #................
#................
..................


You could see an ogre.

Vanquished Creatures
  A worker ant (D:4)
  Robin (D:1)
  5 adders
  An ooze (D:2)
  A worm (D:2)
  3 leopard geckos
  4 orcs
  8 bats
  5 giant cockroaches
  16 goblins
  11 hobgoblins
  3 jackals
  6 kobolds
  A quokka (D:2)
  4 ball pythons
  3 frilled lizards
  7 rats
80 creatures vanquished.

Notes
Turn   | Place    | Note
-------+----------+-------------------------------------------
     0 | D:1      | Descartes the Deep Elf Hedge Wizard began the quest for the
                  | Orb.
     0 | D:1      | Reached XP level 1. HP: 10/10 MP: 7/7
   293 | D:1      | Reached XP level 2. HP: 15/15 MP: 5/9
   773 | D:1      | Reached skill level 5 in Spellcasting
  1298 | D:1      | Reached XP level 3. HP: 11/19 MP: 1/11
  1918 | D:2      | Found a runed translucent door.
  1919 | D:2      | Noticed Crazy Yiuf
  1954 | D:2      | Reached XP level 4. HP: 24/24 MP: 9/13
  1993 | D:2      | Noticed Terence
  2266 | D:2      | Noticed Robin
  2493 | D:1      | Killed Robin
  3666 | D:3      | Learned a level 2 spell: Blink
  3670 | D:3      | Learned a level 3 spell: Dazzling Flash
  3674 | D:3      | Learned a level 3 spell: Mephitic Cloud
  3906 | D:3      | Reached skill level 5 in Conjurations
  4002 | D:3      | Reached XP level 5. HP: 28/28 MP: 9/14
  4138 | D:3      | Found a stormy altar of Qazlal.
  4139 | D:3      | Found a white marble altar of Elyvilon.
  4720 | D:4      | Noticed an ogre
  4728 | D:4      | Slain by an ogre

Illustrated notes

Levels and vault maps discovered:
D:1:      minmay_arrival_nine_rooms, layout_basic
D:2:      layout_basic, hangedman_abyss_or_decor_lesser_grid, uniq_terence,
          uniq_crazy_yiuf_cottage, uniq_robin
D:3:      layout_basic, minitemple
D:4:      layout_cave_pools, elyvilon_altar_3, uniq_natasha, uniq_ijyb

Skill      XL: |  1  2  3  4  5 |
---------------+----------------+-----
Conjurations   | 3 4 5 |  5.0
Spellcasting   | 5 |  5.0
Translocations | 2 |  2.4
Dodging        | |  2.4
Stealth        | |  2.4
Summonings     | |  1.1

Action                   |  1- 3 |  4- 6 || total
-------------------------+-------+-------++-------
Melee: Dagger            |     7 |       ||     7
 Cast: Magic Dart        |    82 |   112 ||   194
Armor: Robe              |     8 |     8 ||    16
Dodge: Dodged            |    25 |    32 ||    57
